[ AOE2 MATCH · #474094061 ]
Team RMGurjaras vs Cumans
[ REPLAY ANALYSIS · EXTRACTED FROM THE RECORDED GAME ]
Feudal
—
Castle
—
Imperial
—
| APM avg | 13.4 |
| APM peak | 31 |
| eAPM avg | 8.8 |
| Villagers / military | 61 / 47 |
Focus
⚔️ 25.9% · 🌾 74.1%
Fishing Ship ×25 · Chakram Thrower ×16 · Spearman ×8 · Armored Elephant ×8 · Elephant Archer ×7 · Archer ×5
Feudal
14:25
Castle
23:05
Imperial
—
| APM avg | 12.2 |
| APM peak | 25 |
| eAPM avg | 7.2 |
| Villagers / military | 41 / 17 |
Focus
⚔️ 23.4% · 🌾 76.6%
Fishing Ship ×10 · Archer ×6 · Organ Gun ×6 · Spearman ×2 · Battering Ram ×2 · Monk ×1
Feudal
16:49
Castle
27:54
Imperial
—
| APM avg | 18.4 |
| APM peak | 51 |
| eAPM avg | 8.7 |
| Villagers / military | 59 / 18 |
Focus
⚔️ 29.7% · 🌾 70.3%
Knight ×5 · Spearman ×5 · Camel Scout ×4 · Scout Cavalry ×4
Feudal
21:10
Castle
28:47
Imperial
—
| APM avg | 12.4 |
| APM peak | 44 |
| eAPM avg | 8.0 |
| Villagers / military | 61 / 32 |
Focus
⚔️ 22.7% · 🌾 77.3%
Archer ×14 · Fishing Ship ×13 · Knight ×9 · Scout Cavalry ×5 · Skirmisher ×2 · Fire Galley ×2
Match map
Resources at game start + every placement click. Thick line = wall · dashed box = detected house wall. 🟡 gold · ⚪ stone · 🟢 berries · 🔶 boar · ⭕ relic
Inputs per minute
— frizboum - - juansrv
Build order — frizboum
First 150 of 197 actions detected
| 1:42 | Build | Town Center |
| 2:59 | Build | House |
| 3:01 | Build | House |
| 3:20 | Create | Villager (Male) |
| 3:21 | Create | Villager (Male) |
| 3:21 | Create | Villager (Male) |
| 3:22 | Create | Villager (Male) |
| 3:48 | Build | Lumber Camp |
| 4:44 | Research | Loom |
| 4:56 | Create | Villager (Male) |
| 5:35 | Create | Villager (Male) |
| 6:09 | Create | Villager (Male) |
| 6:18 | Build | House |
| 6:19 | Build | House |
| 6:21 | Build | House |
| 6:31 | Create | Villager (Male) |
| 6:55 | Create | Villager (Male) |
| 7:11 | Create | Villager (Male) |
| 7:48 | Create | Villager (Male) |
| 7:48 | Create | Villager (Male) |
| 8:15 | Create | Villager (Male) |
| 8:34 | Create | Villager (Male) |
| 8:51 | Create | Villager (Male) |
| 9:05 | Build | Dock |
| 9:09 | Create | Villager (Male) |
| 9:09 | Create | Villager (Male) |
| 9:27 | Create | Villager (Male) |
| 9:46 | Create | Villager (Male) |
| 10:04 | Create | Fishing Ship |
| 10:04 | Create | Fishing Ship |
| 10:05 | Create | Fishing Ship |
| 10:17 | Create | Villager (Male) |
| 10:17 | Create | Villager (Male) |
| 10:31 | Create | Villager (Male) |
| 10:52 | Build | Mining Camp |
| 10:55 | Create | Villager (Male) |
| 11:12 | Create | Villager (Male) |
| 11:27 | Create | Fishing Ship |
| 11:34 | Create | Fishing Ship |
| 11:38 | Create | Villager (Male) |
| 11:51 | Create | Villager (Male) |
| 12:08 | Build | Mining Camp |
| 12:12 | Build | House |
| 12:22 | Create | Villager (Male) |
| 12:35 | Create | Fishing Ship |
| 12:44 | Build | House |
| 12:48 | Build | House |
| 12:55 | Create | Villager (Male) |
| 13:08 | Create | Villager (Male) |
| 13:10 | Create | Fishing Ship |
| 13:30 | Create | Villager (Male) |
| 13:33 | Create | Fishing Ship |
| 13:46 | Create | Fishing Ship |
| 13:51 | Create | Villager (Male) |
| 14:14 | Create | Fishing Ship |
| 15:13 | Create | Villager (Male) |
| 15:16 | Create | Villager (Male) |
| 15:23 | Create | Fishing Ship |
| 15:49 | Build | Dock |
| 15:52 | Research | Feudal Age |
| 15:55 | Create | Villager (Male) |
| 15:55 | Create | Villager (Male) |
| 16:07 | Create | Fishing Ship |
| 16:08 | Create | Fishing Ship |
| 16:16 | Build | House |
| 16:18 | Build | House |
| 16:19 | Build | House |
| 16:20 | Build | House |
| 16:25 | Create | Villager (Male) |
| 16:30 | Create | Fishing Ship |
| 16:59 | Create | Fishing Ship |
| 17:29 | Build | Mining Camp |
| 17:35 | Create | Villager (Male) |
| 17:45 | Build | Barracks |
| 17:52 | Create | Fishing Ship |
| 17:57 | Create | Fishing Ship |
| 17:58 | Create | Fishing Ship |
| 18:02 | Create | Fishing Ship |
| 18:04 | Create | Fishing Ship |
| 18:31 | Research | Double-Bit Axe |
| 18:43 | Build | Blacksmith |
| 18:46 | Create | Villager (Male) |
| 19:08 | Research | Wheelbarrow |
| 19:27 | Create | Villager (Male) |
| 19:37 | Research | Tech 906 |
| 19:42 | Create | Demolition Raft |
| 19:42 | Create | Demolition Raft |
| 20:17 | Build | Mill |
| 20:19 | Create | Villager (Male) |
| 21:00 | Research | Padded Archer Armor |
| 21:16 | Build | Watch Tower |
| 21:37 | Build | Market |
| 21:39 | Create | Villager (Male) |
| 21:42 | Create | Demolition Raft |
| 22:31 | Create | Villager (Male) |
| 22:53 | Build | Lumber Camp |
| 23:00 | Research | Castle Age |
| 23:04 | Create | Villager (Male) |
| 23:12 | Build | House |
| 23:13 | Build | House |
| 23:14 | Build | House |
| 23:15 | Build | House |
| 23:17 | Build | House |
| 23:18 | Build | House |
| 23:21 | Build | House |
| 23:22 | Build | House |
| 23:23 | Build | House |
| 23:34 | Research | Fletching |
| 23:45 | Build | Archery Range |
| 23:49 | Build | Archery Range |
| 23:55 | Research | Forging |
| 23:56 | Research | Scale Mail Armor |
| 23:59 | Create | Villager (Male) |
| 24:06 | Research | Scale Barding Armor |
| 24:14 | Research | Stone Mining |
| 24:17 | Research | Gold Mining |
| 24:31 | Create | Fishing Ship |
| 24:32 | Create | Fishing Ship |
| 24:32 | Create | Fishing Ship |
| 24:32 | Create | Fishing Ship |
| 24:33 | Create | Fishing Ship |
| 25:25 | Create | Archer |
| 25:25 | Create | Archer |
| 25:25 | Create | Archer |
| 25:25 | Create | Archer |
| 25:26 | Create | Archer |
| 25:39 | Create | Spearman |
| 25:39 | Create | Spearman |
| 25:40 | Create | Spearman |
| 25:40 | Create | Spearman |
| 25:40 | Create | Spearman |
| 25:44 | Research | Arson |
| 25:57 | Build | Siege Workshop |
| 26:02 | Research | Gold Shaft Mining |
| 26:05 | Create | Villager (Male) |
| 26:18 | Build | Town Center |
| 26:24 | Research | Hand Cart |
| 26:28 | Create | Elephant Archer |
| 26:28 | Create | Elephant Archer |
| 26:31 | Research | Elite Skirmisher (upgrade) |
| 27:00 | Create | Armored Elephant |
| 27:00 | Create | Armored Elephant |
| 27:00 | Create | Armored Elephant |
| 27:12 | Create | Villager (Male) |
| 27:12 | Create | Villager (Male) |
| 27:12 | Create | Villager (Male) |
| 28:08 | Build | Castle |
| 28:25 | Create | Elephant Archer |
| 28:25 | Create | Elephant Archer |
| 28:25 | Create | Elephant Archer |
Build order — juansrv
132 actions detected in the replay
| 1:24 | Build | Town Center |
| 2:23 | Build | House |
| 2:24 | Build | House |
| 3:09 | Build | Dock |
| 3:27 | Create | Villager (Male) |
| 3:27 | Create | Villager (Male) |
| 3:28 | Create | Villager (Male) |
| 3:28 | Create | Villager (Male) |
| 3:28 | Create | Villager (Male) |
| 4:54 | Create | Villager (Male) |
| 5:14 | Create | Villager (Male) |
| 5:42 | Create | Villager (Male) |
| 6:15 | Create | Villager (Male) |
| 6:46 | Create | Villager (Male) |
| 7:20 | Research | Loom |
| 7:21 | Create | Villager (Male) |
| 7:46 | Create | Villager (Male) |
| 8:33 | Create | Villager (Male) |
| 8:44 | Create | Villager (Male) |
| 8:44 | Create | Villager (Male) |
| 8:44 | Create | Villager (Male) |
| 8:59 | Build | House |
| 9:00 | Build | House |
| 9:06 | Build | Barracks |
| 9:17 | Build | House |
| 10:23 | Create | Villager (Male) |
| 10:25 | Create | Villager (Male) |
| 10:47 | Build | Mill |
| 11:03 | Create | Villager (Male) |
| 11:10 | Create | Fishing Ship |
| 12:15 | Research | Feudal Age |
| 12:27 | Build | Mining Camp |
| 12:32 | Create | Villager (Male) |
| 12:44 | Build | Mining Camp |
| 13:14 | Create | Fishing Ship |
| 13:20 | Create | Villager (Male) |
| 13:30 | Create | Villager (Male) |
| 13:40 | Create | Villager (Male) |
| 14:04 | Create | Villager (Male) |
| 14:25 | Build | Mill |
| 14:25 | Age | Feudal Age |
| 14:53 | Create | Villager (Male) |
| 14:53 | Create | Villager (Male) |
| 15:13 | Build | Lumber Camp |
| 15:17 | Create | Villager (Male) |
| 15:27 | Build | House |
| 15:29 | Build | House |
| 15:50 | Research | Wheelbarrow |
| 16:21 | Research | Double-Bit Axe |
| 16:39 | Create | Fishing Ship |
| 17:03 | Research | Tech 906 |
| 17:09 | Create | Fishing Ship |
| 17:39 | Create | Villager (Male) |
| 17:41 | Create | Villager (Male) |
| 18:08 | Build | Stable |
| 18:41 | Build | Archery Range |
| 19:09 | Build | Blacksmith |
| 19:23 | Create | Villager (Male) |
| 19:23 | Create | Villager (Male) |
| 19:53 | Create | Fishing Ship |
| 19:55 | Create | Fishing Ship |
| 20:07 | Research | Castle Age |
| 20:13 | Create | Archer |
| 20:13 | Create | Archer |
| 20:14 | Create | Archer |
| 20:15 | Create | Archer |
| 20:47 | Research | Fletching |
| 20:53 | Build | House |
| 20:55 | Build | House |
| 20:56 | Build | House |
| 20:57 | Build | House |
| 21:02 | Build | House |
| 21:46 | Create | Fishing Ship |
| 21:47 | Create | Fishing Ship |
| 22:04 | Create | Archer |
| 22:06 | Create | Archer |
| 22:08 | Create | Spearman |
| 22:08 | Create | Spearman |
| 22:12 | Research | Padded Archer Armor |
| 22:28 | Create | Villager (Male) ×5 |
| 23:05 | Age | Castle Age |
| 23:09 | Build | Dock |
| 23:29 | Build | Town Center |
| 23:45 | Research | Crossbowman (upgrade) |
| 23:46 | Research | Thumb Ring |
| 25:22 | Build | Castle |
| 25:37 | Research | Gillnets |
| 25:41 | Create | Fishing Ship |
| 25:41 | Create | Fishing Ship |
| 26:10 | Research | Bodkin Arrow |
| 26:10 | Research | Leather Archer Armor |
| 26:19 | Build | University |
| 26:23 | Build | Monastery |
| 26:30 | Build | Lumber Camp |
| 26:34 | Create | Organ Gun ×3 |
| 27:01 | Create | Organ Gun |
| 27:38 | Build | Siege Workshop |
| 27:53 | Create | Organ Gun |
| 27:56 | Create | Organ Gun |
| 28:05 | Research | Scale Mail Armor |
| 28:05 | Research | Forging |
| 28:13 | Research | Pikeman (upgrade) |
| 28:14 | Research | Gambesons |
| 28:19 | Create | Villager (Male) |
| 28:19 | Create | Villager (Male) |
| 28:34 | Build | Market |
| 28:38 | Create | Monk |
| 28:52 | Create | Battering Ram |
| 30:47 | Build | Siege Workshop |
| 31:17 | Research | Ballistics |
| 31:18 | Research | Treadmill Crane |
| 31:22 | Create | Villager (Male) |
| 31:23 | Create | Villager (Male) |
| 31:31 | Build | Farm |
| 31:31 | Build | Farm |
| 31:32 | Build | Farm |
| 31:32 | Build | Farm |
| 31:32 | Build | Farm |
| 31:33 | Build | Farm |
| 31:44 | Research | Gold Mining |
| 31:46 | Research | Stone Mining |
| 32:35 | Create | Battering Ram |
| 32:39 | Build | House |
| 32:40 | Build | House |
| 32:41 | Build | House |
| 33:08 | Build | Barracks |
| 33:11 | Build | Archery Range |
| 33:14 | Research | Bow Saw |
| 33:21 | Research | Horse Collar |
| 33:30 | Create | Villager (Male) |
| 34:35 | Build | House |
| 34:37 | Build | House |
Build order — Nikon_85
139 actions detected in the replay
| 0:22 | Build | House |
| 3:08 | Build | Town Center |
| 5:17 | Create | Villager (Male) |
| 5:17 | Create | Villager (Male) |
| 5:17 | Create | Villager (Male) |
| 5:18 | Create | Villager (Male) |
| 6:06 | Create | Villager (Male) |
| 6:07 | Create | Villager (Male) |
| 6:48 | Create | Villager (Male) |
| 7:31 | Build | House |
| 7:49 | Build | House |
| 7:55 | Build | Lumber Camp |
| 7:57 | Create | Villager (Male) |
| 7:57 | Create | Villager (Male) |
| 8:54 | Create | Villager (Male) |
| 8:54 | Create | Villager (Male) |
| 8:54 | Create | Villager (Male) |
| 9:10 | Research | Loom |
| 9:11 | Create | Villager (Male) |
| 9:47 | Create | Villager (Male) |
| 9:48 | Create | Villager (Male) |
| 10:10 | Create | Villager (Male) |
| 11:01 | Create | Villager (Male) |
| 12:03 | Create | Villager (Male) |
| 12:03 | Create | Villager (Male) |
| 12:04 | Create | Villager (Male) |
| 12:54 | Create | Villager (Male) |
| 13:20 | Build | Mill |
| 13:22 | Create | Villager (Male) |
| 13:42 | Build | House |
| 13:50 | Create | Villager (Male) |
| 14:14 | Create | Villager (Male) |
| 14:39 | Research | Feudal Age |
| 15:09 | Build | House |
| 15:11 | Build | House |
| 15:15 | Build | Barracks |
| 15:17 | Build | House |
| 16:37 | Create | Villager (Male) |
| 16:49 | Age | Feudal Age |
| 16:55 | Build | Town Center |
| 17:02 | Create | Villager (Male) |
| 17:03 | Create | Villager (Male) |
| 17:21 | Create | Villager (Male) |
| 18:11 | Create | Villager (Male) |
| 18:21 | Create | Villager (Male) |
| 18:30 | Create | Villager (Male) |
| 18:33 | Create | Villager (Male) |
| 18:43 | Create | Villager (Male) |
| 18:49 | Research | Horse Collar |
| 18:52 | Research | Double-Bit Axe |
| 18:57 | Create | Spearman |
| 18:57 | Create | Spearman |
| 18:57 | Create | Spearman |
| 19:03 | Build | Farm |
| 19:50 | Create | Villager (Male) |
| 20:03 | Build | Archery Range |
| 20:08 | Build | Blacksmith |
| 20:15 | Create | Villager (Male) |
| 20:17 | Create | Villager (Male) |
| 20:17 | Create | Villager (Male) |
| 20:32 | Create | Villager (Male) |
| 20:36 | Build | Mill |
| 20:37 | Create | Villager (Male) |
| 20:53 | Create | Villager (Male) |
| 21:27 | Create | Villager (Male) |
| 21:35 | Build | Farm |
| 21:35 | Build | Farm |
| 21:35 | Build | Farm |
| 21:41 | Create | Villager (Male) |
| 21:43 | Create | Villager (Male) |
| 21:54 | Build | Stable |
| 21:58 | Create | Villager (Male) |
| 22:02 | Create | Villager (Male) |
| 22:23 | Build | Farm |
| 22:24 | Build | Farm |
| 22:31 | Build | Farm |
| 22:33 | Create | Villager (Male) |
| 22:38 | Build | House |
| 22:45 | Create | Villager (Male) |
| 22:59 | Build | Farm |
| 22:59 | Build | Farm |
| 23:04 | Build | Market |
| 23:07 | Build | House |
| 23:09 | Create | Villager (Male) |
| 23:25 | Build | Stable |
| 23:28 | Create | Villager (Male) |
| 23:29 | Create | Villager (Male) |
| 23:39 | Build | Farm |
| 23:39 | Build | Farm |
| 23:39 | Build | Farm |
| 23:45 | Create | Villager (Male) |
| 24:05 | Create | Scout Cavalry ×3 |
| 24:09 | Build | House |
| 24:10 | Build | House |
| 24:28 | Build | Mining Camp |
| 24:36 | Build | House |
| 24:54 | Research | Bloodlines |
| 25:14 | Research | Castle Age |
| 25:19 | Build | Stable |
| 26:01 | Build | Mill |
| 26:07 | Create | Villager (Male) |
| 26:19 | Build | Stable |
| 27:02 | Build | Lumber Camp |
| 27:18 | Research | Bloodlines |
| 27:19 | Research | Scale Barding Armor |
| 27:20 | Research | Forging |
| 27:51 | Create | Spearman |
| 27:52 | Create | Spearman |
| 27:54 | Age | Castle Age |
| 28:54 | Build | Town Center |
| 29:04 | Build | Town Center |
| 29:32 | Build | Town Center |
| 29:40 | Build | Farm |
| 29:40 | Build | Farm |
| 29:40 | Build | Farm |
| 30:14 | Research | Chain Barding Armor |
| 30:18 | Create | Knight ×3 |
| 30:22 | Build | House |
| 30:24 | Build | House |
| 30:54 | Create | Villager (Male) |
| 31:00 | Build | House |
| 31:00 | Build | House |
| 31:00 | Build | House |
| 31:00 | Build | House |
| 31:14 | Build | Farm |
| 31:20 | Research | Fletching |
| 32:15 | Create | Knight |
| 32:16 | Create | Camel Scout |
| 32:27 | Create | Villager (Male) |
| 32:29 | Create | Villager (Male) |
| 32:30 | Create | Villager (Male) |
| 32:30 | Create | Villager (Male) |
| 32:31 | Create | Villager (Male) |
| 32:54 | Create | Knight |
| 33:33 | Create | Camel Scout ×2 |
| 33:45 | Create | Villager (Male) |
| 34:08 | Build | Town Center |
| 34:17 | Create | Camel Scout |
| 35:05 | Create | Scout Cavalry |
Build order — tobywilson8
149 actions detected in the replay
| 1:37 | Build | Town Center |
| 5:07 | Build | Town Center |
| 6:17 | Build | House |
| 6:20 | Build | House |
| 6:58 | Research | Loom |
| 8:06 | Build | House |
| 8:52 | Create | Villager (Male) |
| 8:52 | Create | Villager (Male) |
| 9:43 | Create | Villager (Male) |
| 10:17 | Create | Villager (Male) |
| 10:21 | Create | Villager (Male) |
| 10:22 | Create | Villager (Male) |
| 11:12 | Create | Villager (Male) |
| 11:33 | Create | Villager (Male) |
| 11:38 | Build | Mill |
| 12:11 | Create | Villager (Male) |
| 12:32 | Create | Villager (Male) |
| 12:58 | Create | Villager (Male) |
| 13:04 | Create | Villager (Male) |
| 13:21 | Build | Dock |
| 13:39 | Create | Villager (Male) |
| 14:27 | Create | Villager (Male) |
| 14:29 | Create | Villager (Male) |
| 14:33 | Create | Fishing Ship |
| 14:37 | Create | Fishing Ship |
| 14:38 | Create | Fishing Ship |
| 14:44 | Create | Fishing Ship |
| 15:13 | Create | Villager (Male) |
| 15:14 | Create | Villager (Male) |
| 15:14 | Create | Villager (Male) |
| 15:14 | Create | Villager (Male) |
| 15:15 | Create | Villager (Male) |
| 16:32 | Build | House |
| 16:34 | Build | House |
| 16:36 | Build | House |
| 17:08 | Create | Villager (Male) |
| 17:09 | Create | Villager (Male) |
| 17:49 | Build | House |
| 17:50 | Build | House |
| 17:54 | Create | Villager (Male) |
| 17:56 | Create | Villager (Male) |
| 18:10 | Create | Fishing Ship |
| 18:10 | Create | Fishing Ship |
| 18:21 | Build | Dock |
| 18:42 | Build | House |
| 19:00 | Research | Feudal Age |
| 19:23 | Create | Fishing Ship |
| 19:23 | Create | Fishing Ship |
| 19:25 | Create | Fishing Ship |
| 19:27 | Create | Fishing Ship |
| 19:27 | Create | Fishing Ship |
| 20:08 | Build | Barracks |
| 20:41 | Create | Fishing Ship |
| 20:44 | Create | Fishing Ship |
| 21:10 | Age | Feudal Age |
| 21:22 | Build | Stable |
| 21:26 | Build | Archery Range |
| 21:35 | Create | Villager (Male) |
| 21:35 | Create | Villager (Male) |
| 22:14 | Create | Villager (Male) |
| 23:03 | Create | Scout Cavalry |
| 23:03 | Create | Scout Cavalry |
| 23:07 | Create | Villager (Male) |
| 24:21 | Create | Scout Cavalry |
| 24:38 | Create | Fire Galley |
| 24:39 | Create | Fire Galley |
| 24:40 | Research | Tech 906 |
| 25:45 | Create | Skirmisher |
| 25:45 | Create | Skirmisher |
| 26:07 | Research | Castle Age |
| 28:22 | Create | Scout Cavalry |
| 28:22 | Create | Scout Cavalry |
| 28:47 | Age | Castle Age |
| 28:51 | Build | Town Center |
| 29:10 | Build | Town Center |
| 29:17 | Research | Wheelbarrow |
| 29:17 | Research | Town Watch |
| 29:19 | Create | Villager (Male) |
| 29:19 | Create | Villager (Male) |
| 29:19 | Create | Villager (Male) |
| 29:19 | Create | Villager (Male) |
| 29:34 | Create | Villager (Male) |
| 29:35 | Create | Villager (Male) |
| 29:35 | Create | Villager (Male) |
| 29:35 | Create | Villager (Male) |
| 29:36 | Create | Villager (Male) |
| 29:36 | Create | Villager (Male) |
| 29:38 | Create | Archer |
| 29:38 | Create | Archer |
| 29:39 | Create | Archer |
| 29:39 | Create | Archer |
| 29:39 | Create | Archer |
| 29:40 | Create | Archer |
| 30:26 | Build | Town Center |
| 30:45 | Create | Knight |
| 30:45 | Create | Knight |
| 30:46 | Create | Knight |
| 30:46 | Create | Knight |
| 30:47 | Create | Knight |
| 30:57 | Create | Villager (Male) |
| 30:57 | Create | Villager (Male) |
| 30:57 | Create | Villager (Male) |
| 30:57 | Create | Villager (Male) |
| 30:58 | Create | Villager (Male) |
| 30:58 | Create | Villager (Male) |
| 31:27 | Create | Villager (Male) |
| 31:27 | Create | Villager (Male) |
| 31:27 | Create | Villager (Male) |
| 31:28 | Create | Villager (Male) |
| 31:28 | Create | Villager (Male) |
| 31:28 | Create | Villager (Male) |
| 32:08 | Create | Archer |
| 32:08 | Create | Archer |
| 32:09 | Create | Archer |
| 32:09 | Create | Archer |
| 32:16 | Create | Villager (Male) |
| 32:18 | Research | Hand Cart |
| 32:19 | Research | Town Patrol |
| 32:20 | Create | Villager (Male) |
| 32:20 | Create | Villager (Male) |
| 32:20 | Create | Villager (Male) |
| 32:21 | Create | Villager (Male) |
| 32:21 | Create | Villager (Male) |
| 32:21 | Create | Villager (Male) |
| 32:22 | Create | Villager (Male) |
| 32:22 | Create | Villager (Male) |
| 32:22 | Create | Villager (Male) |
| 32:26 | Create | Archer |
| 32:38 | Build | University |
| 32:40 | Build | Blacksmith |
| 32:46 | Create | Villager (Male) |
| 32:58 | Build | Castle |
| 33:09 | Create | Archer |
| 33:09 | Create | Archer |
| 33:10 | Create | Archer |
| 33:27 | Research | Fletching |
| 33:47 | Build | Mining Camp |
| 34:02 | Research | Bodkin Arrow |
| 34:31 | Create | Knight |
| 34:31 | Create | Knight |
| 34:31 | Create | Knight |
| 34:32 | Create | Knight |
| 34:59 | Build | Stable |
| 35:00 | Build | Stable |
| 35:07 | Build | Farm |
| 35:08 | Build | Farm |
| 35:08 | Build | Farm |
| 35:09 | Build | Farm |
| 35:11 | Build | Farm |
Match timeline
| 3:09 | juansrv · first_building Dock |
| 9:05 | frizboum · first_building Dock |
| 9:06 | juansrv · first_building Barracks |
| 13:21 | tobywilson8 · first_building Dock |
| 14:25 | juansrv · age_up feudal |
| 15:15 | Nikon_85 · first_building Barracks |
| 16:49 | Nikon_85 · age_up feudal |
| 17:45 | frizboum · first_building Barracks |
| 18:08 | juansrv · first_building Stable |
| 18:41 | juansrv · first_building Archery Range |
| 20:03 | Nikon_85 · first_building Archery Range |
| 20:08 | tobywilson8 · first_building Barracks |
| 21:10 | tobywilson8 · age_up feudal |
| 21:22 | tobywilson8 · first_building Stable |
| 21:26 | tobywilson8 · first_building Archery Range |
| 21:54 | Nikon_85 · first_building Stable |
| 22:56 | frizboum · first_market_sell 100 wood |
| 23:05 | juansrv · age_up castle |
| 23:45 | frizboum · first_building Archery Range |
| 25:09 | Nikon_85 · first_market_buy 100 food |
| 25:22 | juansrv · first_building Castle |
| 25:57 | frizboum · first_building Siege Workshop |
| 26:23 | juansrv · first_building Monastery |
| 27:38 | juansrv · first_building Siege Workshop |
| 27:54 | Nikon_85 · age_up castle |
| 28:08 | frizboum · first_building Castle |
| 28:47 | tobywilson8 · age_up castle |
| 31:40 | juansrv · first_market_buy 100 food |
| 32:58 | tobywilson8 · first_building Castle |
| 35:10 | Nikon_85 · resign |
[ AI ANALYSIS · 1 CREDIT ]
What really happened in this match?
Wolo.gg analyzes every decision: build order, eco, micro, common mistakes by bracket. Personalized analysis on WhatsApp or Discord in 30 seconds.
Civ guide
Gurjaras
Map guide
Nomad
Perfil
frizboum